 Dungeon Crawl Stone Soup version 0.28.0-53-g5a82cb258f (webtiles) character file.

Game seed: 15422999433702903372

27 jiml777 the Digger (level 3, 0/19 HPs)
             Began as a Gargoyle Earth Elementalist on June 10, 2022.
             Slain by an adder (2 damage)
             ... on level 2 of the Dungeon.
             The game lasted 00:04:29 (1253 turns).

jiml777 the Digger (Gargoyle Earth Elementalist)    Turns: 1253, Time: 00:04:30

Health: 0/19       AC:  6    Str: 11    XL:     3   Next: 10%
Magic:  1/6        EV: 12    Int: 17    God:
Gold:   98         SH:  0    Dex: 10    Spells: 0/6 levels left

rFire   . . .      SeeInvis .   h - +0 dagger
rCold   . . .      Faith    .   (no shield)
rNeg    + . .      Spirit   .   b - +0 robe
rPois   ∞          Reflect  .   e - +0 helmet
rElec   +          Harm     .   (no cloak)
rCorr   .          Rampage  .   (no gloves)
Will    .....                   (no boots)
Stlth   ++........              (no amulet)
HPRegen 0.06/turn               m - ring of wizardry
MPRegen 0.10/turn               (no ring)

@: mighty
A: sickness immunity, AC +3, negative energy resistance 1, electricity
resistance, torment resistance 1, petrification resistance
a: no special abilities


You were on level 2 of the Dungeon.
You visited 1 branch of the dungeon, and saw 2 of its levels.

You collected 98 gold pieces.

Inventory:

Hand Weapons
 h - a +0 dagger (weapon)
Missiles
 c - 30 stones
 g - 4 poisoned darts
 i - 12 sling bullets
Armour
 b - a +0 robe (worn)
 e - a +0 helmet (worn)
Jewellery
 m - a ring of wizardry (left hand)
Scrolls
 a - a scroll of summoning {unknown}
 d - 2 scrolls of teleportation {unknown}
 f - a scroll of blinking {unknown}
 k - a scroll of identify {unknown}
Potions
 j - a potion of heal wounds {unknown}
 l - 2 potions of might


   Skills:
 + Level 1.6 Dodging
 + Level 2.9 Stealth
 + Level 2.2 Spellcasting
 + Level 0.7 Transmutations
 + Level 4.4 Earth Magic


You couldn't memorise any spells.
You knew the following spells:

 Your Spells              Type           Power      Damage    Failure   Level
a - Sandblast             Erth           32%        2d9       1%          1
b - Passwall              Tmut/Erth      8%         N/A       4%          2
c - Stone Arrow           Conj/Erth      18%        3d8       9%          3

Your spell library contained the following spells:

 Spells                   Type           Power      Damage    Failure   Level
 Petrify                  Tmut/Erth      10%        N/A       26%         4


Dungeon Overview and Level Annotations

Branches:
Dungeon (2/15)

Altars:


Innate Abilities, Weirdness & Mutations

You are immune to sickness and miasma.
Your stone body is resilient. (AC +3)
You are immune to poison.
You resist negative energy. (rN+)
You are resistant to electric shocks. (rElec)
You are resistant to unholy torment.
You are immune to petrification.


Message History

Confirm with . or Enter, or press ? or * to list all spells.
Aiming: Sandblast (safe; 1% risk of failure)
Press: ? - help, Shift-Dir - straight line, f/p - adder
Aim: an adder (almost dead, 66% to hit)
The blast of sand misses the adder.
The adder bites you.
Your magical contamination has completely faded away.
Casting: Sandblast (safe; 1% risk of failure)
Confirm with . or Enter, or press ? or * to list all spells.
You don't have enough magic to cast this spell.
Unknown command.
You hit the adder but do no damage.
The adder is almost dead.
The adder closely misses you. The adder bites you.
You barely miss the adder.
The adder is almost dead.
The adder bites you but does no damage.
You barely miss the adder.
The adder is almost dead.
The adder misses you.
You closely miss the adder.
The adder is almost dead.
The adder bites you but does no damage. The adder bites you.
* * * LOW HITPOINT WARNING * * *
It was a potion of might.
You feel very mighty all of a sudden. The adder closely misses you.
You closely miss the adder.
The adder is almost dead.
The adder bites you.
* * * LOW HITPOINT WARNING * * *
You completely miss the adder.
The adder is almost dead.
The adder closely misses you. The adder completely misses you.
You closely miss the adder.
The adder is almost dead.
The adder barely misses you.
You miss the adder.
The adder is almost dead.
The adder bites you.
You die...

......... ........#
........#.......##
........#.........
........#........#
........#........#
........#........#
......S@#........#
........#........###
.$......'...>.......
........#.......##.#
........#..........#
?.......#####.######
........# #......#
#...###.# #......#
.. #...
#.#####......# #..


You could see an adder.

Vanquished Creatures
  An adder (D:2)
  An endoplasm (D:1)
  A giant cockroach (D:1)
  3 goblins
  2 hobgoblins (D:1)
  2 quokkas
  A ball python (D:1)
  3 bats
  A frilled lizard (D:2)
  2 kobolds (D:1)
17 creatures vanquished.

Notes
Turn   | Place    | Note
-------+----------+-------------------------------------------
     0 | D:1      | jiml777 the Gargoyle Earth Elementalist began the quest for
                  | the Orb.
     0 | D:1      | Reached XP level 1. HP: 10/10 MP: 3/3
   242 | D:1      | Reached skill level 4 in Earth Magic
   348 | D:1      | Reached XP level 2. HP: 15/15 MP: 1/5
   530 | D:1      | Found a faded altar of an unknown god.
  1117 | D:2      | Reached XP level 3. HP: 19/19 MP: 4/6
  1178 | D:2      | Learned a level 2 spell: Passwall
  1182 | D:2      | Learned a level 3 spell: Stone Arrow
  1253 | D:2      | Slain by an adder

Illustrated notes

Levels and vault maps discovered:
D:1:      wander_arrival_chamber, layout_basic,
          hellmonk_ecumenical_altar_lost_god
D:2:      minmay_inner_zag, layout_basic, kennysheep_generic_room_15

Skill      XL: |  1 |
---------------+----+-----
Earth Magic    | 4 |  4.4
Dodging        | |  1.6
Stealth        | |  2.9
Spellcasting   | |  2.2
Transmutations | |  0.7

Action                   || total
-------------------------++-------
Melee: Dagger            ||    17
 Cast: Sandblast         ||    28
  Use: Potion            ||     1
Armor: Robe              ||     9
Dodge: Dodged            ||    12
